Map: Whispers of Gold

Players

Dwayne

  • Race: Protoss Protoss
  • League: Bronze
  • Spawn Location: 9:00

wootwoot - Winner!

  • Race: Protoss Protoss
  • League: Bronze
  • Spawn Location: 5:00

VOD

Have the link to the VOD?

Description

Time

  • Played on: April 1, 2025, 2:12 p.m.
  • Length: 5:41
Show
View Real Time Build Order
Export as new Build Order

Dwayne Protoss 

Build Orders:  

Get SALT Encoding   

  12  0:03  Probe  
  13  0:20  Pylon  
  13  0:31  Probe  
  13  0:35  Pylon  
  14  0:43  Probe  
  15  0:59  Forge  
  15  1:06  Gateway  
  15  1:22  Probe  
  16  1:27  Pylon  
  16  1:30  Assimilator  
  16  1:33  Assimilator  
  16  1:34  Probe  
  17  1:51  Photon Cannon  
  17  2:12  Photon Cannon  
  17  2:31  Photon Cannon  
  17  2:36  Photon Cannon  
  17  2:47  Photon Cannon  
  16  2:53  Photon Cannon  
  16  3:05  Zealot  
  18  3:20  Probe  
  19  3:32  Zealot, Probe  
  22  3:39  Pylon  
  22  3:59  Zealot  
  22  4:01  Photon Cannon  
  24  4:05  Photon Cannon  
  24  4:09  Photon Cannon  
  24  4:17  Photon Cannon  
  24  4:24  Photon Cannon  
  24  4:26  Zealot  
  28  5:06  Pylon  
  15  5:26  Photon Cannon  
Show
View Real Time Build Order
Export as new Build Order

wootwoot Protoss - Winner!

Build Orders:  

Get SALT Encoding   

  12  0:00  Probe  
  13  0:12  Probe  
  14  0:19  Pylon  
  14  0:24  Probe  
  15  0:37  Gateway  
  15  0:41  Assimilator  
  15  0:50  Pylon  
  15  1:10  Gateway  
  15  1:15  Gateway  
  15  1:31  Cybernetics Core  
  15  1:43  Probe  
  16  1:55  Probe  
  16  1:56  Stalker x2  
  16  2:00  Warp Gate  
  21  2:15  Probe  
  22  2:24  Stalker  
  22  2:27  Probe  
  25  2:38  Stalker  
  27  2:48  Pylon  
  27  2:57  Probe  
  27  2:58  Assimilator  
  28  3:10  Probe  
  29  3:21  Robotics Facility  
  29  3:23  Probe  
  30  3:35  Probe  
  31  3:49  Stalker x3  
  37  3:58  Warp Prism  
  39  4:11  Pylon  
  39  4:12  Pylon  
  39  4:49  Stalker x3  
  45  5:03  Pylon  
Tags
 
Matchup
PvP
Replay Pack
B2M-Replays
Spawn Locations
Cross Positions
Add a new tag
Caveats
  • Supply blocks, unpowered buildings, or Contaminate may cause inaccurate times.
  • Supply counts are checked every 10 seconds.